 Dungeon Crawl Stone Soup version 0.22.1-2-g9c5b331 (webtiles) character file.

895 Fang the Chopper (level 8, -4/49 HPs)
             Began as a Gargoyle Berserker on Dec 12, 2018.
             Was a Priest of Trog.
             Slain by a yak (7 damage)
             ... on level 4 of the Dungeon.
             The game lasted 00:10:38 (3661 turns).

Fang the Chopper (Gargoyle Berserker)               Turns: 3661, Time: 00:10:38

Health: -4/49      AC: 17    Str: 23    XL:     8   Next: 6%
Magic:  8/8        EV:  7    Int: 10    God:    Trog [***...]
Gold:   212        SH:  0    Dex:  9    Spells: 7/7 levels left

rFire    + . .     SeeInvis +   a - +0 hand axe
rCold    . . .     Gourm    .   (no shield)
rNeg     + . .     Faith    .   k - +0 plate armour
rPois    ∞         Spirit   .   (no helmet)
rElec    +         Reflect  .   (no cloak)
rCorr    .         Harm     .   (no gloves)
MR       .....                  (no boots)
Stlth    ..........             (no amulet)
HPRegen  0.00/turn              t - ring of see invisible
MPRegen  0.11/turn              C - +2 ring of slaying

@: berserk cooldown, slowed, very slow
A: clever 1, fire resistance 1, negative energy resistance 1, electricity
resistance, inhibited regeneration, unbreathing, petrification resistance, rot
immunity, AC +5
a: Berserk, Trog's Hand, Renounce Religion


You were on level 4 of the Dungeon.
You worshipped Trog.
Trog was most pleased with you.
You were not hungry.

You visited 1 branch of the dungeon, and saw 5 of its levels.

You collected 212 gold pieces.

Inventory:

Hand Weapons
 a - a +0 hand axe (weapon)
Armour
 k - a +0 plate armour (worn)
Jewellery
 t - a ring of see invisible (left hand)
 u - a +3 ring of dexterity
 C - a +2 ring of slaying (right hand)
Wands
 s - a wand of flame (21)
 z - a wand of digging (5)
 A - a wand of disintegration (12)
Scrolls
 d - 3 scrolls of fear {unknown}
 e - a scroll of remove curse {unknown}
 g - a scroll of noise {unknown}
 i - 2 scrolls of teleportation {unknown}
 l - 3 scrolls of identify {unknown}
 m - 2 scrolls of fog {unknown}
 r - 2 scrolls of enchant armour {unknown}
 w - 3 scrolls of immolation {unknown}
 y - a scroll of enchant weapon {unknown}
Potions
 b - 3 potions of haste {unknown}
 f - 2 potions of resistance {unknown}
 h - a potion of curing {unknown}
 j - a potion of mutation
 n - 2 potions of degeneration {unknown}
 o - 2 potions of ambrosia {unknown}
 p - a potion of berserk rage {unknown}
 q - 2 potions of brilliance {unknown}
 v - a potion of magic {unknown}
 x - 2 potions of heal wounds {unknown}
Comestibles
 c - 9 rations


   Skills:
 + Level 5.1 Fighting
 + Level 6.6 Axes
 + Level 4.3 Armour
 + Level 2.7 Dodging
 + Level 1.4 Stealth


You had 7 spell levels left.
You didn't know any spells.
Your spell library was empty.

Dungeon Overview and Level Annotations

Branches:
Dungeon (5/15)
 Temple: D:4-7

Altars:
Gozag
Ru
Vehumet

Annotations:
D:4 Prince Ribbit
D:5 1 runed door, MetaCosm's ghost, novice MiFi


Innate Abilities, Weirdness & Mutations

You are resistant to torment.
Your stone body is resilient. (AC +5)
You are immune to poison.
You resist negative energy. (rN+)
You are resistant to electric shocks. (rElec)
You can survive without breathing.
You are immune to petrification.
You are immune to rotting.
Your mind is acute. (Int +2)
Your flesh is heat resistant. (rF+)
You do not regenerate when monsters are visible.


Message History

There is a stone staircase leading up here.
The yak gores you.
* * * LOW HITPOINT WARNING * * *
The yak gores you.
* * * LOW HITPOINT WARNING * * *
Prince Ribbit hits you but does no damage.
The yak gores you but does no damage. Prince Ribbit hits you.
* * * LOW HITPOINT WARNING * * *
The yak gores you but does no damage.
You climb upwards.
There is a stone staircase leading down here.
Unknown command.
You eat one of the 10 rations.
That ration really hit the spot!
Prince Ribbit blinks!
The yak gores you.
* * * LOW HITPOINT WARNING * * *
It was a potion of mutation.
You feel extremely strange.
You feel resistant to heat.
Your regeneration stops near monsters.
You feel clever.
The yak gores you but does no damage. x2; The yak gores you!
You die...

.# #.#
####...#....###.........
.# #.#
#............########
.###.# #...#....######
#....# ######.#......#
.##### #.######.# .##
#.# #.# #### #.## #.#
#.# ##... ##.## ###.#
#.###...# ##.## #@Y.#
#.....#.. ##.# #Y###
#####...# ##.## #.#
##.## ##..# #.# #.##
#.#.# #.# #... ..#.# #.#
#### #.#.# #.# # #.#.#
#.# # #.#.# #####.######
#


You could see 2 yaks.

Vanquished Creatures
  Sigmund (D:2)
  3 yaks (D:5)
  Blork the orc (D:4)
  2 hounds
  An orc wizard (D:4)
  An iguana (D:4)
  3 adders
  2 dart slugs
  2 leopard geckos (D:1)
  3 orcs
  10 bats
  6 giant cockroaches
  7 hobgoblins
  8 jackals
  10 kobolds
  A quokka (D:2)
  7 frilled lizards
  7 goblins
  A jackal skeleton (D:4)
  14 rats
  A bush (D:1)
91 creatures vanquished.

Vanquished Creatures (others)
  A plant (D:1)
1 creature vanquished.

Grand Total: 92 creatures vanquished

Notes
Turn   | Place    | Note
-------+----------+-------------------------------------------
     0 | D:1      | Fang the Gargoyle Berserker began the quest for the Orb.
     0 | D:1      | Reached XP level 1. HP: 14/14 MP: 1/1
    67 | D:1      | Reached XP level 2. HP: 13/19 MP: 2/2
   293 | D:1      | Reached skill level 3 in Axes
   682 | D:1      | Reached XP level 3. HP: 17/24 MP: 3/3
  1061 | D:1      | Reached ** piety under Trog
  1580 | D:2      | Noticed Sigmund
  1592 | D:2      | Killed Sigmund
  1592 | D:2      | Reached skill level 4 in Axes
  1592 | D:2      | Reached XP level 4. HP: 29/29 MP: 4/4
  1592 | D:2      | Reached XP level 5. HP: 33/33 MP: 5/5
  1908 | D:2      | Reached XP level 6. HP: 35/38 MP: 6/6
  2616 | D:3      | Found an opulent altar of Gozag.
  2801 | D:4      | Noticed Blork the orc
  2810 | D:4      | Killed Blork the orc
  2810 | D:4      | Reached skill level 5 in Axes
  3327 | D:4      | Reached *** piety under Trog
  3365 | D:4      | Found a sacrificial altar of Ru.
  3437 | D:4      | Found a radiant altar of Vehumet.
  3638 | D:5      | Entered Level 5 of the Dungeon
  3638 | D:5      | Found a runed door.
  3638 | D:5      | Noticed a yak
  3638 | D:5      | Noticed a yak
  3638 | D:5      | Noticed a yak
  3639 | D:5      | Noticed a yak
  3639 | D:5      | Noticed a yak
  3641 | D:5      | Reached XP level 7. HP: 44/44 MP: 7/7
  3645 | D:5      | Noticed Prince Ribbit
  3646 | D:5      | Noticed MetaCosm's ghost (novice MiFi)
  3650 | D:5      | Killed a yak
  3650 | D:5      | Reached skill level 1 in Stealth
  3650 | D:5      | Killed a yak
  3650 | D:5      | Reached skill level 6 in Axes
  3651 | D:5      | Killed a yak
  3651 | D:5      | Reached skill level 5 in Fighting
  3651 | D:5      | Reached XP level 8. HP: 49/49 MP: 8/8
  3661 | D:4      | Gained mutation: Your flesh is heat resistant. (rF+)
                  | [potion of mutation]
  3661 | D:4      | Gained mutation: You do not regenerate when monsters are
                  | visible. [potion of mutation]
  3661 | D:4      | Gained mutation: Your mind is acute. (Int +2) [potion of
                  | mutation]
  3661 | D:4      | Slain by a yak

Skill      XL: |  1  2  3  4  5  6  7 |
---------------+----------------------+-----
Axes           | 3 4 5 6 |  6.6
Fighting       | 4 5 |  5.1
Dodging        | 2 |  2.7
Armour         | 3 4 |  4.3
Stealth        | 1 |  1.4

Action                   |  1- 3 |  4- 6 |  7- 9 || total
-------------------------+-------+-------+-------++-------
Melee: Hand axe          |   185 |   164 |    13 ||   362
Invok: Berserk           |     1 |     2 |       ||     3
  Use: Potion            |       |       |     1 ||     1
 Stab: Invisible         |       |     1 |       ||     1
       Paralysed         |       |     1 |       ||     1
  Eat: Chunk             |     2 |     8 |       ||    10
       Ration            |       |       |     1 ||     1
Armor: Animal skin       |    21 |       |       ||    21
       Plate armour      |    31 |   148 |    19 ||   198
Dodge: Dodged            |    72 |    64 |    10 ||   146
